 Dungeon Crawl Stone Soup version 0.29.1-12-g30fa7ad0bf (webtiles) character file.

Game seed: 5224299766775287521

7 hawla the Firebug (level 2, -4/20 HPs)
             Began as a Meteoran Fire Elementalist on Jan 9, 2023.
             Slain by Duvessa
             ... wielding a +0 short sword
              (5 damage)
             ... on level 4 of the Dungeon.
             The game lasted 00:01:11 (152 turns).

hawla the Firebug (Meteoran Fire Elementalist)       Turns: 152, Time: 00:01:12

Health: -4/20      AC:  2    Str:  9    XL:     2   Next: 17%
Magic:  5/7        EV: 12    Int: 16    God:
Gold:   42         SH:  0    Dex: 14    Spells: 4/7 levels left

rFire   . . .      SeeInvis .   (no weapon)
rCold   . . .      Faith    .   (no shield)
rNeg    . . .      Spirit   .   a - +0 robe
rPois   .          Reflect  .   (no helmet)
rElec   .          Harm     .   (no cloak)
rCorr   .          Rampage  .   (no gloves)
Will    .....                   (no boots)
Stlth   +.........              (no amulet)
HPRegen 0.06/turn               (no ring)
MPRegen 0.10/turn               (no ring)

@: glowing
A: sense surroundings 1, otherworldly, glowing, explore regen
a: no special abilities


You were on level 4 of the Dungeon.
You visited 1 branch of the dungeon, and saw 3 of its levels.

You collected 42 gold pieces.

Inventory:

Armour
 a - a +0 robe (worn)
Scrolls
 d - a scroll of vulnerability {unknown}
Potions
 e - a potion of flight


   Skills:
 + Level 2.6 Dodging
 - Level 1.4 Stealth
 + Level 3.0 Spellcasting
 + Level 1.2 Conjurations
 + Level 3.8 Fire Magic


You had 4 spell levels left.
You knew the following spells:

 Your Spells              Type           Power      Damage    Failure   Level
a - Foxfire               Conj/Fire      40%        2x1d6     7%          1
b - Scorch                Fire           28%        2d6       6%          2

Your spell library contained the following spells:

 Spells                   Type           Power      Damage    Failure   Level
 Conjure Flame            Conj/Fire      10%        6-21      21%         3
 Inner Flame              Hex/Fire       8%         N/A       26%         3
 Flame Wave               Conj/Fire      10%        2d6       54%         4


Dungeon Overview and Level Annotations

Branches:
Dungeon (4/15) Zot: 1647
 Temple: D:4-7

Altars:

Annotations:
D:4 Dowan, Duvessa


Innate Abilities, Weirdness & Mutations

You passively map a small area around you.
You are easily found by Zot.
You glow in the dark.
You regain HP and MP as you explore.


Message History

Dowan casts a spell.
Dowan blinks!
Casting: Foxfire (safe; 7% risk of failure)
Confirm with . or Enter, or press ? or * to list all spells.
Flames lash Duvessa.
Duvessa resists.
Duvessa is lightly wounded.
Duvessa's fire resistance burns away.
You hear a shout!
The foxfire hits Duvessa but does no damage.
Duvessa is lightly wounded.
The foxfire hits Duvessa but does no damage.
Duvessa is lightly wounded.
Casting: Scorch (safe; 6% risk of failure)
Confirm with . or Enter, or press ? or * to list all spells.
Flames lash Duvessa.
Duvessa is moderately wounded.
You hear a shout!
A hobgoblin comes into view.
Duvessa misses you.
Casting: Scorch (safe; 6% risk of failure)
Confirm with . or Enter, or press ? or * to list all spells.
Flames lash Duvessa.
Duvessa is moderately wounded.
A giant cockroach comes into view.
Duvessa hits you with a +0 short sword.
Unknown command.
As you read the scroll labelled SEPROU PUALUS, it crumbles to dust.
It is a scroll of identify.
e - a potion of flight Duvessa hits you with a +0 short sword!
Ouch! That really hurt!
* * * LOW HITPOINT WARNING * * *
Unknown command.
Magic courses through your body. Duvessa barely misses you.
Casting: Scorch (safe; 6% risk of failure)
Confirm with . or Enter, or press ? or * to list all spells.
Flames lash Duvessa.
Duvessa is heavily wounded.
Duvessa hits you with a +0 short sword.
You die...

### * ** ### #.###
##..#..##...## *
......B.e@...# ,
......g##...## ,
............###
........##....### ,
, .......#........#
.......##.###..##
### ..........
#...#*#..# ,
..........
#...##...### , ,
.....####.........#


You could see Duvessa (combustible), a giant cockroach and a hobgoblin.

Vanquished Creatures
  An endoplasm (D:2)
  A hobgoblin (D:2)
  2 kobolds (D:2)
  A frilled lizard (D:2)
  A rat (D:2)
6 creatures vanquished.

Vanquished Creatures (others)
  17 foxfires
17 creatures vanquished.

Grand Total: 23 creatures vanquished

Notes
Turn   | Place    | Note
-------+----------+-------------------------------------------
     0 | D:1      | hawla the Meteoran Fire Elementalist began the quest for
                  | the Orb.
     0 | D:1      | Reached XP level 1. HP: 14/14 MP: 5/5
    73 | D:2      | Reached XP level 2. HP: 19/20 MP: 2/6
   126 | D:2      | You fall into a shaft and drop 2 floors!
   140 | D:4      | Noticed Duvessa
   144 | D:4      | Noticed Dowan
   146 | D:4      | Learned a level 2 spell: Scorch
   150 | D:4      | HP: 1/20 [Duvessa/+0 short sword (13)]
   152 | D:4      | Slain by Duvessa

Illustrated notes

Levels and vault maps discovered:
D:1:      lemuel_arrival_river_bridge, layout_loops_ring,
          shapermc_ecumenical_altar_mp_ritualfount, hangedman_decor_peaks_small
D:2:      layout_rooms, kennysheep_flooded_box, uniq_crazy_yiuf_cottage
D:4:      layout_cave_pools, dreamdust_princess_bridge, uniq_duvessa

Skill      XL: |  1  2 |
---------------+-------+-----
Spellcasting   | 3 |  3.0
Dodging        | |  2.6
Stealth        | |  1.4
Conjurations   | |  1.2
Fire Magic     | |  3.8

Action                   || total
-------------------------++-------
 Cast: Foxfire           ||    11
       Scorch            ||     4
  Use: Scroll            ||     1
       Potion            ||     1
Armor: Robe              ||     1
Dodge: Dodged            ||     6
